 Dungeon Crawl Stone Soup version 0.14.1-21-g36cd379 (webtiles) character file.

320186 Kassandra the Shatterer (level 21, 0/107 HPs)
             Began as a Gargoyle Berserker on June 5, 2014.
             Was a High Priest of Trog.
             Slain by Kassandra's illusion (4 damage)
             ... woven by Mara
             ... on Level 3 of the Elven Halls on June 7, 2014.
             The game lasted 07:16:17 (51745 turns).

Kassandra the Shatterer (Gargoyle Berserker)       Turns: 51745, Time: 07:16:18

HP   0/107       AC 36     Str 27      XL: 21   Next: 46%
MP  18/18        EV 19     Int 18      God: Trog [*****.]
Gold 1416        SH 16     Dex 20      Spells:  0 memorised, 20 levels left

rFire  . . .     SeeInvis +     g - +4,+6 eveningstar of a wizard's laboratory {crush, Str+4 Dex+3}
rCold  + + +     Rnd*Rage +     G - +5 chain mail of Modesty {rC+}
rNeg   + + .     Conserve +     T - +1 buckler "Kikh" {rN+ Dex+3 SInv}
rPois  +         rCorr    .     (helmet restricted)
rElec  +         rRot     +     f - +3 cloak of Flash {+Fly EV+4}
SustAb . .       Spirit   .     (no gloves)
rMut   .         Warding  .     D - -4 pair of boots of the Known World {rElec rC+ MR+}
Saprov . . .     Stasis   .     z - amulet of conservation
MR     ++...                    W - ring of Funafati {rPois Dex+4 Int+4}
                                B - ring of protection from cold

@: about to teleport, exhausted, flying, slowed, very slow, very resistant to
hostile enchantments, fairly stealthy
A: able to fly continuously, large and strong wings, horns 1, rough black scales
1, slimy green scales 1, berserk 1, deformed body, herbivore 1, frail 2, low mp
1, life protection 1, electricity resistance, slow healing 1, unbreathing,
petrification resistance, AC +15
a: Stop Flying, Burn Spellbooks, Berserk, Trog's Hand, Brothers in Arms,
Renounce Religion
}: 2/15 runes: decaying, gossamer


You were on level 3 of the Elven Halls.
You worshipped Trog.
Trog was extremely pleased with you.
You were very hungry.

You visited 10 branches of the dungeon, and saw 46 of its levels.
You visited the Abyss 2 times.
You visited 1 bazaar.
You also visited: Ice Cave and Volcano.

You collected 4192 gold pieces.
You spent 2776 gold pieces at shops.

Inventory:

Hand weapons
 g - the +4,+6 eveningstar of a wizard's laboratory (weapon) {crush, Str+4 Dex+3}
   (Trog gifted it to you on level 12 of the Dungeon)

   It inflicts extra damage upon your enemies.
   It affects your strength (+4).
   It affects your dexterity (+3).
 A - the +7,+7 great mace "Undeadhunter" {disrupt, rN+}
   (You acquired it on level 6 of the Dungeon)

   It protects you from negative energy.
Armour
 f - the +3 cloak of Flash (worn) {+Fly EV+4}
   (You bought it in a shop on level 1 of the Orcish Mines)

   It affects your evasion (+4).
   It lets you fly.
 h - the +1 buckler of the Jackalope {Str+2 Int+3}
   (You found it on level 2 of the Lair of Beasts)

   It affects your strength (+2).
   It affects your intelligence (+3).
 D - the -4 pair of boots of the Known World (worn) {rElec rC+ MR+}
   (You found it on level 2 of the Elven Halls)

   It protects you from cold.
   It insulates you from electricity.
   It affects your resistance to hostile enchantments.
 G - the +5 chain mail of Modesty (worn) {rC+}
   (You found it on level 7 of the Dungeon)

   It protects you from cold.
 T - the +1 buckler "Kikh" (worn) {rN+ Dex+3 SInv}
   (You found it on level 14 of the Dungeon)

   It affects your dexterity (+3).
   It protects you from negative energy.
   It enhances your eyesight.
Magical devices
 k - a wand of polymorph (8)
 n - a wand of teleportation (1)
 v - a wand of digging (24)
 N - a wand of disintegration (8)
Comestibles
 s - 3 meat rations
Scrolls
 e - 6 scrolls of teleportation
 H - 3 scrolls of fear
 J - 5 scrolls of fog
 M - a scroll of silence
 R - 4 scrolls of magic mapping
 Z - 4 scrolls of remove curse
Jewellery
 c - an uncursed ring of fire
 i - an uncursed amulet of clarity
 q - an uncursed ring of sustain abilities
 z - an amulet of conservation (around neck)
 B - a ring of protection from cold (left hand)
 C - a cursed ring of teleportation
 E - an uncursed ring of protection from cold
 K - an uncursed amulet of guardian spirit
 S - an uncursed amulet of resist mutation
 V - an uncursed ring of fire
 W - the ring of Funafati (right hand) {rPois Dex+4 Int+4}
   (You bought it in a shop on level 4 of the Orcish Mines)

   [ring of poison resistance]

   It affects your intelligence (+4).
   It affects your dexterity (+4).
 Y - the amulet "Wekash" {rCorr rN+}
   (You bought it in a shop on level 4 of the Orcish Mines)

   [amulet of resist corrosion]

   It protects you from negative energy.
Potions
 a - a potion of resistance
 j - 2 potions of magic
 o - 4 potions of heal wounds
 t - 14 potions of curing
 w - 2 potions of restore abilities
Miscellaneous
 d - a phial of floods
 p - an ornate deck of war {the Alchemist}
 r - a plain deck of war {the Orb, drawn: 1}
 u - a disc of storms
 y - a lamp of fire


   Skills:
 + Level 15.0 Fighting
 * Level 26.8 Maces & Flails
 - Level 0.2 Throwing
 + Level 11.9 Armour
 + Level 11.2 Dodging
 * Level 10.0 Stealth
 + Level 9.4 Shields
 + Level 1.1 Evocations


You had 20 spell levels left.
You didn't know any spells.

Dungeon Overview and Level Annotations

Branches:
Dungeon (15/15)            Temple (1/1) D:7             Orc (4/4) D:12
    Elf (3/3) Orc:3          Lair (8/8) D:9           Swamp (5/5) Lair:3
 Spider (5/5) Lair:4        Slime (3/6) Lair:7       Vaults (1/5) D:14
 Depths (1/5) D:15

Altars:
Ashenzari
Cheibriados
Dithmenos
Elyvilon
Fedhas
Kikubaaqudgha
Makhleb
Nemelex Xobeh
Okawaru
Sif Muna
Trog
Vehumet
Xom
Yredelemnul
Zin
The Shining One
Beogh

Shops:
D:12 *   D:13 [?   Orc:1 [*   Orc:2 ([   Orc:4 =*([   Elf:1 :

Portals:
Hell: Depths:1
Pandemonium: Depths:1

Annotations:
Elf:3 Mara
Depths:1 Sojobo


Innate Abilities, Weirdness & Mutations

You are resistant to torment.
You are immune to poison.
You are immune to rotting.
You can fly continuously.
Your stone body is very resilient (AC +15).
Your wings are large and strong.
You resist negative energy.
You are resistant to electric shocks.
You can survive without breathing.
You are immune to petrification.
You have a pair of small horns on your head.
You are partially covered in rough black scales (AC +4, Dex -1).
You are partially covered in slimy green scales (AC +2).
You tend to lose your temper in combat.
Armour fits poorly on your strangely shaped body.
You digest meat inefficiently.
You are very frail (-20% HP).
Your magical capacity is low (-10% MP).
You heal slowly when monsters are visible.


Message History

You hit Kassandra's illusion but do no damage.
You headbutt Kassandra's illusion, but do no damage.
Kassandra's illusion is severely damaged.
Kassandra's illusion hits you but does no damage.
The deep elf death mage unwields an uncursed short sword.
The deep elf death mage drops an uncursed short sword.
The deep elf death mage picks up a long sword.
The deep elf death mage wields a long sword.
The deep elf death mage mumbles some strange words.
Kassandra's illusion hits you!
* * * LOW HITPOINT WARNING * * *
x2 Drink which item? (? for menu, Esc to quit)
You feel much better. Kassandra's illusion misses you.
Read which item? (? for menu, Esc to quit)
As you read the scroll of teleportation, it crumbles to dust.
You feel strangely unstable. Kassandra's illusion hits you!
* * * LOW HITPOINT WARNING * * *
x2 Kassandra's illusion hits you!
* * * LOW HITPOINT WARNING * * *
You die...

#.##)#
#.....##
#.##[#
#...f)##
#.##.#
#.....##
#.##.#
#.....##
#..).#
#....)..
##..##
####..## #≈≈#
##### #≈≈#
#≈@# #.@# #.[#
##### #..#
#.... #e*#
##### #..#
#####
######..######
#....
#..)≈≈.)≈≈eR3#
#####
#..)≈≈..≈≈eR.#


You could see a deep elf death mage, a lost soul and Kassandra's illusion.

Vanquished Creatures
  2 bone dragons
  Nikola (Swamp:2)
  Asterion (Elf:2)
  A Shadow Fiend (Vaults:1)
  3 acid blobs
  2 tengu reavers (Depths:1)
  Agnes (Swamp:3)
  Kirke (D:14)
  2 thorn hunters
  An azure jelly (Slime:1)
  The ghost of Vasek the Impaler, a mighty MfGl of Fedhas (Swamp:4)
  4 deep elf sorcerers
  A vault warden (Vaults:1)
  4 ghost moths
  2 frost giants
  A cacodemon (Abyss:2)
  6 emperor scorpions
  An orc warlord (Orc:2)
  A stone giant (Depths:1)
  5 deep elf demonologists
  Azrael (Spider:3)
  A dire elephant (Depths:1)
  3 deep elf annihilators (Elf:3)
  Snorg (D:15)
  4 vault guards (D:14)
  An ettin (Depths:1)
  2 ironheart preservers (Vaults:1)
  A fire dragon (Depths:1)
  A deep elf death mage (Elf:3)
  A great orb of eyes (Slime:1)
  An ice dragon (Depths:1)
  Harold (D:14)
  16 hydras
  A yaktaur captain (Vaults:1)
  2 ogre magi
  11 alligators
  2 deep troll earth magi
  A deep troll shaman (D:15)
  10 death yaks
  The ghost of plantmann the Bludgeoner, an experienced MiFi of Okawaru (D:9)
  An orc high priest (Orc:4)
  3 centaur warriors (D:15)
  2 thrashing horrors
  A soul eater (D:15)
  A sun demon (Abyss:4)
  A fire crab (Volcano)
  5 wretched stars
  A very ugly thing (Depths:1)
  14 deep elf knights
  2 unseen horrors
  9 deep trolls
  A golden dragon zombie (Depths:1)
  16 orb spiders
  5 skeletal warriors (D:13)
  A death drake (Swamp:5)
  A spriggan druid (Swamp:1)
  5 large abominations
  An ice statue (IceCv)
  7 hill giants
  4 starcursed masses
  2 necromancers (Depths:1)
  A swamp dragon (Swamp:1)
  Pikel (D:6)
  A shadow demon (Elf:3)
  12 deep elf conjurers
  Joseph (Orc:1)
  10 orc knights
  26 wolf spiders
  5 ironbrand convokers (Vaults:1)
  11 deep elf summoners
  3 spectral hydras (Swamp:5)
  5 red wasps
  A phantasmal warrior (Swamp:5)
  5 shining eyes
  A harpy (shapeshifter) (Vaults:1)
  2 orc sorcerers
  2 moths of wrath
  A griffon (Lair:4)
  A sixfirhy (Depths:1)
  3 cyclopes
  3 oklob plants (Lair:8)
  A stone giant skeleton (Depths:1)
  A fire giant skeleton (Depths:1)
  A black mamba (shapeshifter) (D:15)
  19 spiny frogs
  A guardian serpent (shapeshifter) (Vaults:1)
  9 elephants
  2 molten gargoyles (Volcano)
  4 black mambas
  2 apocalypse crabs
  10 yaktaurs
  A kobold demonologist (D:14)
  15 demonic crawlers
  2 fire drakes
  10 komodo dragons
  3 swamp worm zombies (Swamp:5)
  3 ancient zymes
  2 red devils
  4 hydra zombies
  2 giant fireflies
  A freezing wraith (Abyss:2)
  18 polar bears (IceCv)
  A queen bee (shapeshifter) (Vaults:1)
  8 trolls
  A harpy zombie (Abyss:4)
  Sonja (D:13)
  3 raiju
  A komodo dragon (shapeshifter) (Depths:1)
  12 deep elf priests
  17 blink frogs
  5 giant leeches
  8 ravens
  4 baby alligators (Swamp:5)
  A stone giant simulacrum (Depths:1)
  8 bog bodies
  4 spectral swamp dragons (Swamp:5)
  25 jumping spiders
  3 boulder beetles
  A slime creature (shapeshifter) (Elf:2)
  36 slime creatures
  8 two-headed ogres
  4 alligator zombies (Swamp:5)
  2 boggarts (Vaults:1)
  10 brown oozes
  An ettin zombie (Depths:1)
  A human simulacrum (Vaults:1)
  3 thorn lotuses
  2 griffon zombies
  33 redbacks
  2 air elementals (Depths:1)
  6 sharks
  3 hogs
  6 spriggans
  2 ice dragon skeletons (Depths:1)
  5 basilisks
  18 deep elf magi
  2 shadows (D:14)
  A grizzly bear (Lair:6)
  3 wyverns
  2 fire elementals
  25 trapdoor spiders
  A ynoxinul (Abyss:2)
  35 tarantellas
  A vampire (D:12)
  2 wraiths (Vaults:1)
  Eustachio (D:7)
  2 elephant slugs
  3 fire bats
  58 yaks
  A hungry ghost (D:12)
  2 toenail golems (Volcano)
  3 golden eyes (Slime:2)
  A human (D:11)
  22 ugly things
  3 chaos spawn
  3 wargs
  28 vampire mosquitoes
  5 hippogriffs
  A tengu zombie (D:12)
  Menkaure (D:4)
  29 swamp worms
  2 necrophages
  25 deep elf fighters
  2 ogre zombies
  A neqoxec (Abyss:4)
  32 wolves
  2 yellow wasps
  A spiny frog skeleton (Abyss:2)
  6 swamp drakes
  24 water moccasins
  2 black bears
  7 small abominations
  23 spiders
  A soldier ant (D:13)
  42 orc warriors
  5 porcupines
  8 ice beasts
  4 swamp dragon zombies (Swamp:5)
  4 giant goldfish (Lair:7)
  An ice beast (shapeshifter) (D:15)
  6 phantoms
  2 sky beasts
  6 hell hounds
  18 ogres
  16 centaurs
  7 lava worms
  Sigmund (D:2)
  3 brain worms
  16 crocodiles
  9 giant slugs
  A boring beetle (Lair:5)
  A lost soul (Elf:3)
  Blork the orc (D:9)
  A yaktaur skeleton (D:15)
  26 giant frogs
  2 big kobolds
  A warg zombie (Orc:4)
  10 insubstantial wisps
  3 eyes of draining
  A hippogriff zombie (D:11)
  5 scorpions
  A cyclops skeleton (D:15)
  19 killer bees
  A troll zombie (D:13)
  5 wights
  A yak skeleton (D:10)
  5 lava snakes
  8 electric eels
  3 goliath beetles
  A yellow wasp zombie (D:7)
  11 hounds
  2 quasits (D:7)
  13 big fish
  33 orc priests
  20 jellies
  9 crimson imps
  12 iguanas
  A centaur skeleton (D:4)
  A giant frog skeleton (D:12)
  An iron imp (Abyss:1)
  An elf skeleton (D:15)
  32 orc wizards
  10 worker ants
  An orange rat (Elf:1)
  A killer bee zombie (D:9)
  9 sheep
  Ijyb (D:2)
  A hound skeleton (Orc:1)
  A mummy (D:14)
  A worker ant zombie (D:5)
  4 gnolls
  18 adders
  36 green rats
  4 orc zombies
  A swamp drake zombie (Swamp:5)
  2 shadow imps
  3 giant mites
  14 white imps
  10 ufetubi
  10 worms
  4 giant eyeballs
  3 oozes
  185 orcs
  A bat zombie (D:5)
  21 goblins
  22 hobgoblins
  27 jackals
  13 quokkas
  32 bats
  10 giant cockroaches
  8 giant geckos
  2 giant newts
  2 giant spores
  29 kobolds
  A kobold skeleton (D:4)
  An orc skeleton (D:4)
  27 rats
  A rat skeleton (D:4)
  9 ballistomycetes
  A briar patch (Swamp:5)
  2 plants
  2 starspawn tentacles (Abyss:2)
1910 creatures vanquished.

Vanquished Creatures (collateral kills)
  Saint Roka (Orc:4)
  Jorgrun (Swamp:2)
  A very ugly thing (Depths:1)
  A centaur warrior (Vaults:1)
  An ice devil (Orc:4)
  4 orb spiders
  An orc knight (Orc:4)
  A red wasp (Spider:5)
  A wolf spider (Spider:5)
  2 orc sorcerers (Orc:4)
  10 slime creatures
  A demonic crawler (Spider:5)
  A tarantella (Spider:5)
  A trapdoor spider (Spider:5)
  A chaos spawn (Orc:4)
  A shark (Spider:3)
  A warg (Orc:4)
  2 ugly things (Vaults:1)
  A hell hound (Volcano)
  4 orc warriors (Orc:4)
  A centaur (Vaults:1)
  A big fish (Spider:3)
  An orc wizard (Orc:4)
  An orc priest (Orc:4)
  2 orc zombies (Orc:4)
  3 orcs (Orc:4)
46 creatures vanquished.

Vanquished Creatures (others)
  2 trolls
  A raiju (Abyss:2)
  A tarantella (Spider:3)
  A trapdoor spider (Spider:1)
  A water elemental (Elf:3)
  A fire bat (Abyss:4)
  2 deep elf fighters
  A sky beast (D:6)
  A centaur (D:15)
  A basilisk skeleton (D:14)
  An iguana (D:6)
  An adder (Lair:7)
  A white imp (Depths:1)
  5 ufetubi (Abyss:1)
  An orc (D:4)
  A bat (D:8)
  A giant spore (D:9)
  3 fungi
  2 plants (Lair:1)
  11 starspawn tentacles
  188 starspawn tentacle segments
227 creatures vanquished.

Grand Total: 2183 creatures vanquished

Notes
Turn   | Place    | Note
--------------------------------------------------------------
     0 | D:1      | Kassandra, the Gargoyle Berserker, began the quest for the Orb.
     0 | D:1      | Reached XP level 1. HP: 14/14 MP: 1/1
   210 | D:1      | Reached XP level 2. HP: 17/19 MP: 2/2
   422 | D:1      | Acquired Trog's second power
   477 | D:1      | Reached XP level 3. HP: 19/23 MP: 3/3
   777 | D:2      | Reached skill level 4 in Maces & Flails
   811 | D:2      | Reached XP level 4. HP: 14/29 MP: 4/4
  1019 | D:2      | Noticed Ijyb
  1032 | D:2      | Killed Ijyb
  1257 | D:2      | Reached XP level 5. HP: 33/33 MP: 5/5
  1388 | D:2      | Noticed Sigmund
  1419 | D:2      | Killed Sigmund
  1419 | D:2      | Reached skill level 5 in Maces & Flails
  1571 | D:3      | Noticed an orc warrior
  1575 | D:3      | Reached skill level 6 in Maces & Flails
  1583 | D:3      | Killed an orc warrior
  1583 | D:3      | Reached XP level 6. HP: 25/38 MP: 6/6
  1828 | D:3      | Reached skill level 7 in Maces & Flails
  2579 | D:3      | Reached XP level 7. HP: 38/42 MP: 7/7
  2611 | D:3      | Acquired Trog's third power
  2833 | D:4      | Reached skill level 8 in Maces & Flails
  2933 | D:4      | Found an iron altar of Okawaru.
  3245 | D:4      | Reached skill level 9 in Maces & Flails
  3441 | D:4      | Reached XP level 8. HP: 48/48 MP: 8/8
  3464 | D:4      | Found a white marble altar of Elyvilon.
  3534 | D:5      | Entered Level 5 of the Dungeon
  3614 | D:5      | Reached skill level 10 in Maces & Flails
  4077 | D:5      | Noticed Menkaure
  4101 | D:4      | Killed Menkaure
  4101 | D:4      | Reached skill level 11 in Maces & Flails
  4221 | D:6      | Identified a scroll of acquirement
  4400 | D:6      | Reached XP level 9. HP: 44/52 MP: 9/9
  4572 | D:6      | Noticed Pikel
  4593 | D:6      | Killed Pikel
  4593 | D:6      | Reached skill level 12 in Maces & Flails
  5710 | D:7      | Got a crude chain mail
  5711 | D:7      | Identified the +5 chain mail of Modesty {rC+} (You found it on level 7 of the Dungeon)
  5775 | D:7      | Reached skill level 5 in Fighting
  5924 | D:7      | Found a staircase to the Ecumenical Temple.
  5933 | D:7      | Found a blossoming altar of Fedhas.
  5941 | Temple   | Entered the Ecumenical Temple
  6084 | D:7      | Reached skill level 5 in Armour
  6169 | D:7      | Reached skill level 13 in Maces & Flails
  6383 | D:7      | Noticed Eustachio
  6424 | D:7      | Killed Eustachio
  6424 | D:7      | Reached skill level 1 in Shields
  6424 | D:7      | Reached XP level 10. HP: 46/60 MP: 10/10
  6483 | D:7      | Found a snail-covered altar of Cheibriados.
  7241 | D:8      | Found a shadowy altar of Dithmenos.
  7691 | D:9      | Found an ancient bone altar of Kikubaaqudgha.
  7709 | D:9      | Noticed plantmann's ghost (experienced MiFi)
  7715 | D:9      | Killed plantmann's ghost
  7715 | D:9      | Reached skill level 14 in Maces & Flails
  7857 | D:9      | Noticed Blork the orc
  7868 | D:9      | Killed Blork the orc
  8023 | D:9      | Found a staircase to the Lair.
  8645 | D:10     | Entered Level 10 of the Dungeon
  8700 | D:10     | Reached XP level 11. HP: 66/66 MP: 11/11
  8715 | D:10     | Received a gift from Trog
  8971 | D:10     | Noticed a hill giant
  8980 | D:10     | Killed a hill giant
  8980 | D:10     | Reached skill level 15 in Maces & Flails
  9503 | D:10     | Paralysed by a potion of paralysis for 4 turns
  9964 | D:11     | Received a gift from Trog
 10589 | Lair:1   | Entered Level 1 of the Lair of Beasts
 10719 | Lair:1   | Gained mutation: You have a pair of small horns on your head. [potion of mutation]
 10719 | Lair:1   | Gained mutation: You are partially covered in slimy green scales (AC +2). [potion of mutation]
 10719 | Lair:1   | Gained mutation: You tend to lose your temper in combat. [potion of mutation]
 10781 | Lair:1   | Reached skill level 16 in Maces & Flails
 11041 | Lair:1   | Noticed a seven-headed hydra
 11051 | Lair:1   | Killed a seven-headed hydra
 11051 | Lair:1   | Reached XP level 12. HP: 28/73 MP: 12/12
 11889 | Lair:2   | Got a pitted buckler
 12234 | Lair:3   | Received a gift from Trog
 12462 | Lair:1   | Identified the +1 buckler of the Jackalope {Str+2 Int+3} (You found it on level 2 of the Lair of Beasts)
 12826 | Lair:3   | Reached skill level 17 in Maces & Flails
 12955 | Lair:3   | Found a staircase to the Swamp.
 13342 | Lair:4   | Found a frozen archway.
 13392 | IceCv    | Entered an ice cave
 13441 | IceCv    | Received a gift from Trog
 13519 | IceCv    | Reached skill level 5 in Dodging
 13777 | IceCv    | Reached skill level 18 in Maces & Flails
 13777 | IceCv    | Reached XP level 13. HP: 59/80 MP: 13/13
 14011 | IceCv    | Noticed a death yak
 14012 | IceCv    | Noticed a death yak
 14033 | IceCv    | Killed a death yak
 14040 | IceCv    | Killed a death yak
 14197 | IceCv    | Noticed a frost giant
 14224 | IceCv    | Killed a frost giant
 14458 | Lair:4   | Received a gift from Trog
 14459 | Lair:4   | Got a transparent bow {god gift}
 14469 | Lair:4   | Found a hole to the Spider Nest.
 15191 | Lair:5   | Reached skill level 19 in Maces & Flails
 15812 | D:12     | Received a gift from Trog
 15834 | D:12     | Got a fine eveningstar {god gift}
 15849 | D:12     | Identified the +4,+6 eveningstar of a wizard's laboratory {crush, Str+4 Dex+3} (Trog gifted it to you on level 12 of the Dungeon)
 15905 | D:12     | Noticed a hill giant
 15910 | D:12     | Killed a hill giant
 16057 | D:12     | Noticed a hill giant
 16061 | D:12     | Found Piotanae's Assorted Antiques.
 16065 | D:12     | Killed a hill giant
 16559 | D:12     | Reached skill level 10 in Fighting
 16587 | D:12     | Found a staircase to the Orcish Mines.
 16699 | D:12     | Upgraded the game from 0.14.1-18-g0856e53 to 0.14.1-19-g9964f44
 16701 | Orc:1    | Entered Level 1 of the Orcish Mines
 16727 | Orc:1    | Found Uxaogg's General Store.
 16770 | Orc:1    | Found a roughly hewn altar of Beogh.
 16841 | Orc:1    | Received a gift from Trog
 16949 | Orc:1    | Found Nimuips' Antique Armour Emporium.
 16993 | Orc:1    | Found a burning altar of Makhleb.
 17066 | Orc:1    | Noticed Joseph
 17079 | Orc:1    | Killed Joseph
 17079 | Orc:1    | Gained mutation: Your wings are large and strong. [gargoyle growth]
 17079 | Orc:1    | Reached XP level 14. HP: 88/88 MP: 14/14
 17248 | Orc:2    | Found Phuklyv's Weapon Shoppe.
 17252 | Orc:2    | Noticed an orc warlord
 17290 | Orc:2    | Killed an orc warlord
 17515 | Orc:2    | Found Seump's Armour Boutique.
 17908 | Orc:2    | Received a gift from Trog
 18286 | Orc:1    | Bought the +3 cloak of Flash {+Fly EV+4} for 1498 gold pieces
 18587 | Orc:3    | Found an iron altar of Okawaru.
 18888 | Orc:3    | Received a gift from Trog
 19047 | Orc:3    | Reached skill level 20 in Maces & Flails
 19066 | Orc:3    | Found a staircase to the Elven Halls.
 20585 | Lair:6   | Received a gift from Trog
 20650 | Lair:6   | Found a dark tunnel.
 20662 | Volcano  | Entered a volcano
 20869 | Volcano  | Found a radiant altar of Vehumet.
 21546 | Lair:7   | Received a gift from Trog
 21711 | Lair:7   | Found a staircase to the Slime Pits.
 22054 | Lair:7   | Reached skill level 21 in Maces & Flails
 22246 | Lair:7   | Reached XP level 15. HP: 92/94 MP: 17/17
 22672 | Lair:8   | Entered Level 8 of the Lair of Beasts
 22809 | Lair:8   | Received a gift from Trog
 24152 | Swamp:1  | Entered Level 1 of the Swamp
 24551 | D:13     | Received a gift from Trog
 24731 | D:13     | Found Rauxt's Magic Scroll Emporium.
 24822 | D:13     | Found Ofuis' Armour Emporium.
 24823 | D:13     | Noticed Sonja
 24829 | D:13     | Killed Sonja
 24927 | D:13     | Found a flickering gateway to a bazaar.
 24936 | Bazaar   | Entered a bazaar
 25038 | Bazaar   | Found Giak's Assorted Antiques.
 25056 | Bazaar   | Found Xocreis' Weapon Shoppe.
 25073 | Bazaar   | Found Xaocsyas' Book Boutique.
 25091 | Bazaar   | Found Coesk's Antique Weapon Emporium.
 25366 | D:14     | Noticed Kirke
 25369 | D:14     | Noticed a sphinx
 25379 | D:14     | Killed Kirke
 25566 | D:14     | Noticed Harold
 25576 | D:14     | Killed Harold
 25720 | D:14     | Got a pitted buckler
 25727 | D:14     | Identified the +1 buckler "Kikh" {rN+ Dex+3 SInv} (You found it on level 14 of the Dungeon)
 25852 | D:14     | Reached skill level 1 in Evocations
 25877 | D:14     | Reached skill level 22 in Maces & Flails
 25899 | D:14     | Reached skill level 10 in Armour
 25930 | D:14     | Found a gate to the Vaults.
 26129 | D:14     | Gained mutation: You are partially covered in rough black scales (AC +4, Dex -1). [potion of beneficial mutation]
 26255 | Orc:4    | Entered Level 4 of the Orcish Mines
 26384 | Orc:4    | Received a gift from Trog
 26429 | Orc:4    | Reached skill level 1 in Stealth
 26644 | Orc:4    | Noticed Saint Roka
 26666 | Orc:4    | Killed Saint Roka
 26666 | Orc:4    | Reached XP level 16. HP: 42/100 MP: 18/18
 27045 | Orc:4    | Found a roughly hewn altar of Beogh.
 27210 | Orc:4    | Received a gift from Trog
 27457 | Orc:4    | Found Wyafrya's Antique Weapon Boutique.
 27479 | Orc:4    | Found Tosk's Jewellery Boutique.
 27491 | Orc:4    | Bought the ring of Funafati {rPois Dex+4 Int+4} for 569 gold pieces
 27491 | Orc:4    | Bought the amulet "Wekash" {rCorr rN+} for 405 gold pieces
 27506 | Orc:4    | Found Imimaodd's General Store.
 27522 | Orc:4    | Found Fuiwustrupp's Antique Armour Boutique.
 27529 | Orc:4    | Bought a pair of jewelled boots for 304 gold pieces
 27720 | Lair:1   | Identified the cursed +0 pair of boots "Xekik" {Str+2 Dex+1 Dam-3} (You bought it in a shop on level 4 of the Orcish Mines)
 29065 | Swamp:2  | Noticed a thorn hunter
 29344 | Spider:1 | Entered Level 1 of the Spider Nest
 29524 | Spider:1 | Received a gift from Trog
 29874 | Spider:1 | Reached skill level 5 in Shields
 30477 | Spider:2 | Reached skill level 23 in Maces & Flails
 31355 | D:15     | Entered Level 15 of the Dungeon
 31360 | D:15     | Noticed Snorg
 31378 | D:15     | Killed Snorg
 31521 | D:15     | Found a staircase to the Depths.
 32058 | D:15     | Reached XP level 17. HP: 78/108 MP: 19/19
 32068 | D:15     | Found a burning altar of Makhleb.
 32215 | Depths:1 | Entered Level 1 of the Depths
 32355 | Elf:1    | Entered Level 1 of the Elven Halls
 32397 | Elf:1    | Received a gift from Trog
 32512 | Elf:1    | Found Azo Tiso's Book Shoppe.
 33043 | Elf:1    | Found a deep blue altar of Sif Muna.
 33185 | Elf:2    | Got a pair of slimy boots
 33186 | Elf:2    | Identified the -4 pair of boots of the Known World {rElec rC+ MR+} (You found it on level 2 of the Elven Halls)
 33358 | Elf:2    | Noticed Asterion
 33368 | Elf:2    | Killed Asterion
 33592 | Elf:2    | Received a gift from Trog
 34465 | Elf:3    | Entered Level 3 of the Elven Halls
 34469 | Elf:3    | Reached skill level 24 in Maces & Flails
 35064 | Elf:3    | Received a gift from Trog
 35258 | Elf:3    | Noticed Mara
 35260 | Elf:3    | Noticed Kassandra's illusion
 35264 | Elf:3    | Noticed an Ice Fiend
 35284 | Elf:3    | Noticed a Shadow Fiend
 35744 | Lair:1   | Upgraded the game from 0.14.1-19-g9964f44 to 0.14.1-21-g36cd379
 35819 | Swamp:2  | Noticed Nikola
 35832 | Swamp:2  | Killed Nikola
 35950 | Swamp:2  | Found a bloodstained altar of Trog.
 36565 | Swamp:2  | Noticed Jorgrun
 36596 | Swamp:1  | Killed a thorn hunter
 36932 | Swamp:2  | Killed Jorgrun
 37192 | Swamp:3  | Received a gift from Trog
 37250 | Swamp:3  | Reached XP level 18. HP: 107/114 MP: 20/20
 37330 | Swamp:3  | Got an ichor-stained ring mail
 37530 | Swamp:3  | Noticed Agnes
 37543 | Swamp:3  | Killed Agnes
 37924 | Swamp:4  | Noticed Vasek's ghost (mighty MfGl)
 37973 | Swamp:4  | Killed Vasek's ghost
 38249 | Swamp:4  | Reached XP level 19. HP: 113/120 MP: 20/20
 38543 | Swamp:5  | Entered Level 5 of the Swamp
 38575 | Swamp:5  | Received a gift from Trog
 38836 | Swamp:5  | Identified the +5 ring mail of the Game of Life {rC+ Dam+3} (You found it on level 3 of the Swamp)
 38870 | Swamp:5  | Reached skill level 5 in Stealth
 38896 | Swamp:5  | Reached skill level 25 in Maces & Flails
 39386 | Swamp:5  | Reached skill level 10 in Dodging
 39475 | Swamp:5  | Noticed a bone dragon
 39492 | Swamp:5  | Killed a bone dragon
 39567 | Swamp:5  | Got a decaying rune of Zot
 40212 | Spider:3 | Noticed Azrael
 40362 | Spider:3 | Killed Azrael
 41400 | Spider:3 | Received a gift from Trog
 43017 | Spider:5 | Entered Level 5 of the Spider Nest
 43410 | Spider:5 | Reached XP level 20. HP: 115/127 MP: 21/21
 44147 | Spider:5 | Received a gift from Trog
 44211 | Spider:5 | Got a faintly glowing morningstar {god gift}
 44212 | Spider:5 | Identified the +0,+12 morningstar of the End {elec, Int+4} (Trog gifted it to you on level 5 of the Spider Nest)
 45026 | Spider:5 | Got a gossamer rune of Zot
 45886 | Depths:1 | Found a gateway to Hell.
 46307 | Depths:1 | Reached skill level 26 in Maces & Flails
 46392 | Depths:1 | Received a gift from Trog
 46445 | Depths:1 | Noticed Sojobo
 46449 | Depths:1 | Found a one-way gate leading to the halls of Pandemonium.
 46450 | Depths:1 | Gained mutation: You heal slowly when monsters are visible. [a cacodemon]
 46784 | Vaults:1 | Entered Level 1 of the Vaults
 47095 | Vaults:1 | Received a gift from Trog
 47097 | Vaults:1 | Noticed a Brimstone Fiend
 47118 | Vaults:1 | Noticed a Brimstone Fiend
 47268 | Vaults:1 | Cast into the Abyss (deep elf demonologist)
 47318 | Vaults:1 | Escaped the Abyss
 47778 | Vaults:1 | Cast into the Abyss (deep elf sorcerer)
 47869 | Abyss:1  | Paralysed by you for 5 turns
 48165 | Abyss:2  | Found a corrupted altar of Lugonu.
 48614 | Abyss:3  | Noticed a bone dragon
 48631 | Abyss:3  | Killed a bone dragon
 48631 | Abyss:3  | Reached XP level 21. HP: 114/132 MP: 21/21
 48807 | Abyss:3  | Found a corrupted altar of Lugonu.
 49114 | Abyss:4  | Found an ancient bone altar of Kikubaaqudgha.
 49176 | Abyss:4  | Paralysed by accursed screaming for 2 turns
 49181 | Abyss:4  | Paralysed by accursed screaming for 1 turns
 49194 | Abyss:4  | Paralysed by accursed screaming for 2 turns
 49287 | Abyss:4  | Found a corrupted altar of Lugonu.
 49303 | Abyss:4  | Gained mutation: You are frail (-10% HP). [a neqoxec]
 49353 | Vaults:1 | Escaped the Abyss
 49934 | Slime:1  | Entered Level 1 of the Pits of Slime
 50298 | Slime:2  | Received a gift from Trog
 50365 | Slime:1  | Paralysed by a giant eyeball for 3 turns
 50374 | Slime:1  | Gained mutation: You digest meat inefficiently. [a shining eye]
 50376 | Slime:1  | Gained mutation: You are very frail (-20% HP). [a shining eye]
 50596 | Slime:1  | Paralysed by a giant eyeball for 3 turns
 50604 | Slime:1  | Paralysed by a giant eyeball for 2 turns
 50704 | Slime:3  | Gained mutation: Your magical capacity is low (-10% MP). [a shining eye]
 50706 | Slime:3  | Gained mutation: Armour fits poorly on your strangely shaped body. [a shining eye]
 51040 | Slime:2  | Reached skill level 10 in Stealth
 51679 | Elf:3    | Reached skill level 15 in Fighting
 51716 | Elf:3    | Noticed Kassandra's illusion
 51745 | Elf:3    | HP: 4/107 [Kassandra's illusion[Mara] (12)]
 51745 | Elf:3    | Slain by Kassandra's illusion

Action                   |  1- 3 |  4- 6 |  7- 9 | 10-12 | 13-15 | 16-18 | 19-21 || total
-------------------------+-------+-------+-------+-------+-------+-------+-------++-------
Melee: Mace              |    82 |   217 |   577 |   119 |       |       |       ||   995
       Great mace        |       |       |       |   832 |   730 |       |       ||  1562
       Eveningstar       |       |       |       |       |   834 |  1271 |  1564 ||  3669
       Unarmed           |       |       |       |       |       |    14 |       ||    14
Throw: Dart              |       |       |       |     2 |       |       |       ||     2
Invok: Trog's Hand       |     1 |     5 |     5 |     4 |     6 |    12 |    15 ||    48
       Berserk           |       |     3 |     1 |     1 |       |       |       ||     5
       Brothers in Arms  |       |       |       |       |     2 |     2 |     5 ||     9
 Abil: Fly               |       |       |       |       |       |     1 |     1 ||     2
       Stop Flying       |       |       |       |       |       |       |     1 ||     1
Evoke: Wand              |       |       |       |     3 |     7 |     7 |     5 ||    22
       Phial of floods   |       |       |       |       |     1 |     1 |       ||     2
       Deck              |       |       |       |       |       |     1 |       ||     1
  Use: Scroll            |       |       |    16 |     4 |    14 |    14 |    16 ||    64
       Potion            |       |       |    10 |     5 |     3 |     8 |     9 ||    35
 Stab: Invisible         |       |       |     3 |       |       |       |       ||     3
       Fleeing           |       |       |       |     1 |     1 |       |       ||     2
       Distracted        |       |       |       |       |     1 |     2 |     3 ||     6
       Confused          |       |       |       |       |       |       |     2 ||     2
       Held in net/web   |       |       |       |       |       |       |     1 ||     1
       Sleeping          |       |       |       |       |       |       |     2 ||     2
